 Dungeon Crawl Stone Soup version 0.18.1-1-g2f07953 (webtiles) character file.

130 epen the Ruffian (level 4, -4/36 HPs)
             Began as a Draconian Transmuter on May 7, 2016.
             Killed from afar by an orc wizard (7 damage)
             ... with a puff of flame
             ... on level 3 of the Dungeon.
             The game lasted 00:04:18 (1961 turns).

epen the Ruffian (Draconian Transmuter)             Turns: 1961, Time: 00:04:18

Health: -4/36      AC:  5    Str: 12    XL:     4   Next: 90%
Magic:  6/7        EV: 12    Int: 15    God:
Gold:   104        SH:  0    Dex: 11    Spells: 3 memorised, 1 level left

rFire  . . .     SeeInvis .       - Unarmed
rCold  . . .     Gourm    .     (armour unavailable)
rNeg   . . .     Faith    .     (no shield)
rPois  .         Spirit   .     (helmet restricted)
rElec  .         Dismiss  .     (no cloak)
rCorr  .         Reflect  .     (no gloves)
SustAt .         Harm     .     (no boots)
MR     .....                    (no amulet)
Stlth  +.........               (no ring)
                                (no ring)

@: not resistant to hostile enchantments, very unstealthy
A: unfitting armour, cold-blooded, AC +5
a: no special abilities


You were on level 3 of the Dungeon.
You were not hungry.

You visited 1 branch of the dungeon, and saw 3 of its levels.

You collected 104 gold pieces.

Inventory:

Missiles
 a - 27 arrows
Jewellery
 f - an uncursed ring of sustain attributes {unknown}
Scrolls
 g - 2 scrolls of identify {unknown}
 h - 2 scrolls of immolation {unknown}
 m - a scroll of recharging {unknown}
Potions
 e - 2 potions of curing
 i - a potion of cancellation {unknown}
 j - a potion of might {unknown}
 k - a potion of flight {unknown}
Books
 b - a book of Changes

   Spells                             Type                      Level
   a - Beastly Appendage              Transmutation                1
   b - Sticks to Snakes               Transmutation                2
   c - Spider Form                    Transmutation/Poison         3
   d - Ice Form                       Ice/Transmutation            4
   e - Blade Hands                    Transmutation                5
Comestibles
 c - 2 bread rations
 d - a slice of pizza
 l - 2 chunks of flesh


   Skills:
 + Level 2.1 Fighting
 + Level 2.1 Dodging
 * Level 4.0 Unarmed Combat
 + Level 2.0 Spellcasting
 * Level 3.6 Transmutations


You had one spell level left.
You knew the following spells:

 Your Spells              Type           Power        Failure   Level  Hunger
a - Beastly Appendage     Trmt           ##....       6%          1    #......
b - Sticks to Snakes      Trmt           ##......     10%         2    ###....
c - Spider Form           Trmt/Pois      #.........   34%         3    ###....


Dungeon Overview and Level Annotations

Branches:
Dungeon (3/15)

Altars:
Ashenzari
Dithmenos
Fedhas
Kikubaaqudgha


Innate Abilities, Weirdness & Mutations

Your plain brown scales are hard (AC +5).
Your body does not fit into most forms of armour.
You are cold-blooded and may be slowed by cold attacks.


Message History

You hit the orc.
You kill the orc!
Something hits you.
No target in view!
No target in view!
There isn't anything to butcher here.
Eat one of 3 chunks of flesh? (ye/n/q/i?) This raw flesh tastes terrible.
Something hits you.
You continue eating.
You hear some strange, mumbled words.
A magic dart appears from out of thin air!
The magic dart hits you!
* * * LOW HITPOINT WARNING * * *
You continue eating.
Something hits you.
* * * LOW HITPOINT WARNING * * *
You hear some strange, mumbled words.
A puff of flame appears from out of thin air!
The puff of flame hits you!
You die...

#.# ##.# ..#_#.
...####### #...#..
##.......# .......
#^......# .......
#.......# .......
#.......# .......
#......##########.......
#......##......@).......
#......##.....###)......
#......##...$)# ......#
#......##(((..## ##....#
#......'(.......# ....#
###.....##......[# ...#
..........#......# ...
.....<............. ...
#...................


There were no monsters in sight!

Vanquished Creatures
  2 adders
  3 oozes
  3 worms
  5 dart slugs
  3 giant geckos
  6 orcs (D:3)
  2 giant cockroaches (D:2)
  5 goblins
  8 hobgoblins
  9 jackals (D:1)
  8 bats
  3 giant newts
  4 kobolds
  8 rats
69 creatures vanquished.

Vanquished Creatures (collateral kills)
  A bat (D:3)
1 creature vanquished.

Grand Total: 70 creatures vanquished

Notes
Turn   | Place    | Note
--------------------------------------------------------------
     0 | D:1      | epen the Draconian Transmuter began the quest for the Orb.
     0 | D:1      | Reached XP level 1. HP: 16/16 MP: 3/3
    79 | D:1      | Reached XP level 2. HP: 18/23 MP: 5/5
    96 | D:1      | Learned a level 2 spell: Sticks to Snakes
   446 | D:1      | Reached XP level 3. HP: 26/28 MP: 6/6
   548 | D:1      | You fall through a shaft!
   548 | D:2      | Found a shattered altar of Ashenzari.
   629 | D:1      | Learned a level 3 spell: Spider Form
  1088 | D:2      | Found an ancient bone altar of Kikubaaqudgha.
  1194 | D:2      | Found a shadowy altar of Dithmenos.
  1200 | D:2      | Reached XP level 4. HP: 36/36 MP: 7/7
  1592 | D:3      | Found a blossoming altar of Fedhas.
  1853 | D:3      | Reached skill level 4 in Unarmed Combat
  1952 | D:3      | Found a faded altar to an unknown god.
  1961 | D:3      | Killed from afar by an orc wizard

Skill      XL: |  1  2  3  4 |
---------------+-------------+-----
Dodging        | 2 |  2.1
Transmutations | 3 |  3.6
Fighting       | 2 |  2.1
Unarmed Combat | 4 |  4.0
Spellcasting   | |  2.0

Action                   |  1- 3 |  4- 6 || total
-------------------------+-------+-------++-------
Melee: Unarmed           |   139 |   107 ||   246
       Headbutt          |     6 |     4 ||    10
       Tailslap          |    15 |     3 ||    18
       Punch             |       |     1 ||     1
 Cast: Beastly Appendage |     5 |     2 ||     7
       Spider Form       |       |     3 ||     3
       Sticks to Snakes  |       |     2 ||     2
  Use: Potion            |       |     1 ||     1
 Stab: Sleeping          |     3 |     1 ||     4
       Distracted        |       |     1 ||     1
  Eat: Chunk             |     1 |     4 ||     5
Armor: Skin              |    47 |    41 ||    88
Dodge: Dodged            |    84 |    78 ||   162
